 Dungeon Crawl Stone Soup version 0.29-a0-700-g2f1814c7b2 (webtiles) character file.

Game seed: 6657527365043777501

144045 porpoise the Corrupter of Planes (level 18, -27/140 HPs)
             Began as a Formicid Abyssal Knight on June 25, 2022.
             Was the Champion of Lugonu.
             Killed from afar by a thorn hunter (34 damage)
             ... with a volley of thorns
             ... on level 4 of the Swamp on June 26, 2022.
             The game lasted 02:55:23 (41651 turns).

porpoise the Corrupter of Planes (FoAK)            Turns: 41651, Time: 02:55:24

Health: -27/140    AC: 25    Str: 24    XL:     18   Next: 1%
Magic:  24/28      EV: 27    Int: 12    God:    Lugonu [******]
Gold:   374        SH: 14    Dex: 14    Spells: 17/27 levels left

rFire   + + .      SeeInvis +   a - +5 demon trident (spect)
rCold   + + .      Faith    .   d - +2 shield of Resistance {rF++ rC++ Will++}
rNeg    + . .      Spirit   .   B - +2 chain mail "Gito" {Fly}
rPois   +          Reflect  .   (helmet unavailable)
rElec   .          Harm     .   q - +0 cloak
rCorr   .          Rampage  .   C - +1 pair of gloves
Will    ++++.                   I - +2 pair of boots
Stlth   +.........              c - amulet of the acrobat
HPRegen 0.33/turn               m - +4 ring of protection
MPRegen 0.21/turn               O - ring "Luptir" {rPois rN+ Will+ SInv}

@: mighty, wereblooded (expiring), acrobatic, flying, invisible
A: permanent stasis, dig shafts and tunnels, antennae 3, four strong arms,
sturdy frame 1
a: Dig, Shaft Self, Renounce Religion, Depart the Abyss, Bend Space, Banish,
Corrupt, Enter the Abyss, Brand Weapon With Distortion


You were on level 4 of the Swamp.
You worshipped Lugonu.
Lugonu was exalted by your worship.
You visited 4 branches of the dungeon, and saw 27 of its levels.
You visited the Abyss 1 time.
You also visited: Ice Cave and Volcano.

You collected 3154 gold pieces.
You spent 2780 gold pieces at shops.

Inventory:

Hand Weapons
 a - a +5 spectral demon trident (weapon)
 b - a +1 hunting sling of flaming
 w - the +8 trident of the Octopus King {venom, rElec rPois}
   (You found it on level 2 of the Dungeon)

   It poisons the flesh of those it strikes.
   rElec:     It insulates you from electricity.
   rPois:     It protects you from poison.
Missiles
 v - 6 atropa-tipped darts
 z - 9 curare-tipped darts
 Q - 5 silver boomerangs
Armour
 d - the +2 shield of Resistance (worn) {rF++ rC++ Will++}
   (You acquired it on level 3 of the Dungeon)

   rF:        It greatly protects you from fire.
   rC:        It greatly protects you from cold.
   Will:      It greatly increases your willpower.
 q - a +0 cloak (worn)
 B - the +2 chain mail "Gito" (worn) {Fly}
   (You bought it in a shop on level 12 of the Dungeon)

   Fly:       It grants you flight.
 C - a +1 pair of gloves (worn)
 I - a +2 pair of boots (worn)
 T - the +2 leather armour of Kiciunelew {Rampage Drain rElec Slay+6}
   (You found it on level 3 of the Swamp)

   Slay:      It affects your accuracy & damage with ranged weapons and melee
   (+6).
   rElec:     It insulates you from electricity.
   Drain:     It drains your maximum health when unequipped.
   Rampage:   It bestows one free step when moving towards enemies.
Jewellery
 c - an amulet of the acrobat (around neck)
 l - a ring of magical power
 m - a +4 ring of protection (left hand)
 O - the ring "Luptir" (right hand) {rPois rN+ Will+ SInv}
   (You took it off an orc on level 12 of the Dungeon)

   [ring of willpower]

   rPois:     It protects you from poison.
   rN:        It protects you from negative energy.
   SInv:      It lets you see invisible.
   Will:      It increases your willpower.
 R - a ring of flight
 S - the ring of the Firefly {Will++ Str+5 SInv Stlth-}
   (You found it on level 3 of the Swamp)

   [ring of see invisible]

   Str:       It affects your strength (+5).
   SInv:      It lets you see invisible.
   Will:      It greatly increases your willpower.
   Stlth:     It makes you less stealthy.
Wands
 r - a wand of mindburst (16)
 s - a wand of digging (5)
 y - a wand of polymorph (9)
 G - a wand of acid (4)
 L - a wand of charming (43)
 P - a wand of iceblast (21)
 V - a wand of flame (29)
Scrolls
 k - 6 scrolls of magic mapping
 n - 2 scrolls of fog
 o - a scroll of amnesia
 p - 7 scrolls of identify
 F - 3 scrolls of poison
 H - 3 scrolls of vulnerability
 K - a scroll of brand weapon
 N - a scroll of immolation
Potions
 e - 3 potions of resistance
 f - 2 potions of invisibility
 g - 5 potions of attraction
 h - 10 potions of ambrosia
 i - 6 potions of flight
 t - a potion of mutation
 u - a potion of brilliance
 A - 4 potions of lignification
 D - 2 potions of cancellation
 E - 2 potions of magic
 M - 4 potions of might
Miscellaneous
 J - a condenser vane


   Skills:
 - Level 12.0 Fighting
 - Level 14.0 Polearms
 - Level 12.0 Armour
 - Level 9.0 Dodging
 + Level 7.9 Stealth
 + Level 12.5 Shields
 - Level 5.0 Spellcasting
 - Level 7.0 Hexes
 + Level 2.5 Necromancy
 - Level 5.0 Translocations
 - Level 8.8 Transmutations
 - Level 14.1 Invocations
 - Level 9.0 Evocations


You had 17 spell levels left.
You knew the following spells:

 Your Spells              Type           Power      Damage    Failure   Level
a - Anguish               Hex/Necr       7%         N/A       83%         4
p - Passage of Golubria   Tloc           15%        N/A       80%         4
w - Wereblood             Tmut           24%        N/A       4%          2

Your spell library contained the following spells:

 Spells                   Type           Power      Damage    Failure   Level
 Beastly Appendage        Tmut           48%        N/A       3%          1
 Apportation              Tloc           30%        N/A       14%         1
 Sting                    Tmut/Pois      52%        1d5       19%         1
 Tukima's Dance           Hex            19%        N/A       19%         3
 Necrotize                Necr           36%        1d5       36%         1
 Sublimation of Blood     Necr           9%         N/A       52%         2
 Dazzling Flash           Conj/Hex       22%        N/A       61%         3
 Ignite Poison            Fire/Tmut/Pois 10%        N/A       69%         3
 Summon Small Mammal      Summ           12%        N/A       73%         1
 Yara's Violent Unravell  Hex/Tmut       11%        3d6       75%         5
 Static Discharge         Conj/Air       3%         N/A       86%         2
 Leda's Liquefaction      Hex/Erth       5%         N/A       95%         4
 Mephitic Cloud           Conj/Pois/Air  3%         N/A       97%         3
 Ozocubu's Armour         Ice            3%         N/A       97%         3
 Dispel Undead            Necr           9%         3d8       98%         4
 Iskenderun's Mystic Bla  Conj/Tloc      9%         2d4       98%         4
 Corpse Rot               Necr/Pois/Air  5%         N/A       100%        4
 Sticky Flame             Conj/Fire      3%         2d3       100%        4
 Summon Ice Beast         Ice/Summ       3%         N/A       100%        4
 Freezing Cloud           Conj/Ice/Air   1%         6-21      100%        5
 Lee's Rapid Deconstruct  Erth           1%         3d5*      100%        5
 Lightning Bolt           Conj/Air       1%         1d12      100%        5
 Summon Forest            Summ/Tloc      4%         N/A       100%        5
 Summon Mana Viper        Hex/Summ       11%        N/A       100%        5
 Eringya's Noxious Bog    Tmut/Pois      6%         N/A       100%        6
 Iron Shot                Conj/Erth      1%         9d1       100%        6
 Starburst                Conj/Fire      1%         6d3       100%        6
 Statue Form              Tmut/Erth      8%         N/A       100%        6
 Enfeeble                 Hex            9%         N/A       100%        7
 Monstrous Menagerie      Summ           1%         N/A       100%        7
 Ozocubu's Refrigeration  Ice            1%         4d5       100%        7
 Summon Hydra             Summ           1%         N/A       100%        7
 Borgnjor's Revivificati  Necr           4%         N/A       100%        8
 Maxwell's Capacitive Co  Air            1%         ∞         100%        8
 Necromutation            Tmut/Necr      8%         N/A       100%        8
 Death's Door             Necr           4%         N/A       100%        9


Dungeon Overview and Level Annotations

Branches:
Dungeon (15/15)            Temple (0/1) D:6            Lair (6/6) D:9
  Swamp (4/4) Lair:4        Snake (0/4) Lair:2        Slime (0/5) Lair:6
    Orc (2/2) D:9             Elf (0/3) Orc:2        Vaults (0/5) D:13
 Depths (0/4) D:15          IceCv (visited)         Volcano (visited)

Altars:
Cheibriados
Fedhas
Kikubaaqudgha
Sif Muna
Trog
Vehumet
Zin
Beogh

Shops:
D:5 [   D:6 *   D:9 :   D:12 [   D:13 *   Orc:2 =*[*

Annotations:
D:4 2 transporters
D:15 Roxanne
Abyss:1 wingedge's ghost, novice MiFi


Innate Abilities, Weirdness & Mutations

You cannot be hasted, slowed, berserked, paralysed or teleported.
You can dig through walls and to a lower floor.
You have a pair of large antennae on your head. (SInv)
Your four strong arms can wield two-handed weapons with a shield.
Your movements are slightly less encumbered by armour. (ER -2)


Message History

The goliath frog closely misses your goliath frog.
Reach: a) +5 demon trident (spect)
Press: ? - help, Dir - move target, f - goliath frog
Aim: a goliath frog (almost dead, strong, can't see you, ally target, about 38% to evade your +5 spectral demon trident)
You reach to attack!
You closely miss the goliath frog.
The goliath frog is almost dead.
Your +5 spectral demon trident barely misses the goliath frog.
Your six-headed hydra bites the goliath frog!
The goliath frog dies!
Lugonu accepts your kill.
Your six-headed hydra barely misses the goliath frog.
Your six-headed hydra bites the goliath frog.
Your six-headed hydra bites the goliath frog!
The goliath frog dies!
Lugonu accepts your kill.
Your goliath frog misses the swamp worm.
You have reached level 18!
Unknown command.
Your goliath frog hits the swamp worm from afar!
The swamp worm dies!
Lugonu accepts your kill. What are your orders? t - Howl!
Orders for allies: a - Attack new target. r - Retreat! s - Stop attacking. g - Guard the area. f - Follow me.
Anything else - Cancel.
Retreat in which direction?
Press: ? - help, Dir - move target Fall back!
You see here a hydra corpse.
A thorn hunter comes into view.
Thorny briars emerge from the ground!
Your primal bloodlust is almost over.
The thorn hunter hits the briar patch! x2
The briar patch is destroyed!
You howl as the wereblood boils in your veins!
The thorn hunter fires a volley of thorns at you.
The volley of thorns hits you!!
You die...

♣♣.≈.≈≈§.^...≈≈≈≈≈≈≈§.
♣.≈≈≈≈≈≈≈≈≈.≈≈≈≈≈≈≈≈≈♣
♣≈.≈)≈≈≈≈≈≈≈≈≈§≈≈≈≈≈.♣♣♣
♣≈≈≈††≈§≈≈≈≈≈≈≈≈≈≈≈≈≈..♣♣
♣♣≈≈≈§≈≈≈≈FD≈≈≈≈≈≈≈≈≈≈≈≈♣♣.≈≈
♣.≈≈≈≈≈§≈≈††≈≈≈≈§≈≈≈≈§..≈.≈≈
♣♣♣≈...≈≈...[≈≈§≈≈≈§≈≈≈≈≈≈.≈
♣≈.....≈)≈.....≈≈≈≈.≈≈≈≈≈.
♣♣$[...≈...$≈@..≈≈≈≈..≈≈≈≈
♣≈..≈≈≈≈...♣≈..≈≈≈§≈≈≈≈≈≈≈
≈..≈≈≈≈≈...♣≈.≈≈..≈≈≈≈≈≈≈≈
.≈≈≈≈≈≈≈...≈.≈≈PPP<..≈≈..≈
..≈≈≈...[≈≈§≈≈≈≈PPP.<≈♣♣♣♣♣
≈≈≈.♣♣♣♣≈≈≈≈≈≈Pf≈♣♣♣♣ .≈
♣♣♣♣..$PP≈≈≈ ♣♣♣♣♣♣.≈≈≈
≈≈§≈≈§


You could see a thorn hunter, a friendly six-headed hydra (summoned) and a
friendly goliath frog (summoned).

Vanquished Creatures
  Rupert (Lair:5)
  Gastronok (Lair:1)
  The ghost of Pooter the Warrior, an adept MiBe of Trog (Swamp:3)
  A thorn hunter (Swamp:4)
  A fenstrider witch (Swamp:2)
  3 ghouls (Swamp:3)
  2 eleionomae
  6 bunyips
  Azrael (D:15)
  Snorg (D:14)
  Josephine (D:15)
  2 fire dragons
  A rakshasa (D:15)
  Erolcha (D:10)
  A spriggan air mage (Swamp:4)
  7 boulder beetles
  8 alligators
  4 centaur warriors
  4 catoblepae
  2 ghost crabs
  21 hydras
  An ogre mage (D:15)
  6 two-headed ogres
  A deep troll earth mage (D:15)
  A hell hog (Volcano)
  A tengu warrior (D:10)
  8 death yaks (Lair:6)
  3 orc high priests (Orc:2)
  3 spriggans
  A fire crab (shapeshifter) (D:13)
  An iron troll (D:13)
  A deep troll (D:15)
  2 goliath frogs (Swamp:2)
  A spriggan druid (Swamp:1)
  5 swamp dragons
  6 bog bodies
  Pikel (D:7)
  A lindwurm (Lair:4)
  5 orc knights
  2 deep elf pyromancers
  A necromancer (D:15)
  2 will-o-the-wisps
  5 ugly things
  3 manticores
  7 orc sorcerers
  7 cyclopes
  2 black mambas
  2 centaur zombies (D:15)
  2 naga magi (D:15)
  14 elephants
  An ice statue (IceCv)
  2 molten gargoyles (Volcano)
  An unseen horror (D:11)
  10 cane toads
  A swamp worm zombie (Swamp:4)
  A centaur skeleton (D:15)
  11 komodo dragons
  2 anaconda simulacra (IceCv)
  2 tengu conjurers
  3 meliai (Lair:4)
  A queen bee (Lair:4)
  9 trolls
  5 polar bears
  3 hornets
  6 tyrant leeches
  17 blink frogs
  4 slime creatures (D:14)
  A harpy skeleton (D:15)
  11 dream sheep
  A centaur simulacrum (D:15)
  4 shadows
  A water elemental (D:15)
  3 dire elephant simulacra (IceCv)
  A ynoxinul (D:9)
  A hog (shapeshifter) (D:15)
  4 fire bats (Volcano)
  A vampire (D:7)
  7 fire elementals (D:15)
  A culicivora (shapeshifter) (D:15)
  3 wyverns
  66 yaks
  A golden eye (shapeshifter) (D:15)
  5 wraiths
  13 vampire mosquitoes
  2 steam dragons (D:9)
  6 basilisks
  Menkaure (D:7)
  3 death yak simulacra (IceCv)
  A warg (D:9)
  2 nagas (Lair:2)
  2 harpy simulacra (IceCv)
  Duvessa (D:5)
  8 swamp worms
  3 hell hounds (Volcano)
  14 water moccasins
  2 ice beasts (D:6)
  17 orc warriors
  A swamp drake (Swamp:3)
  3 black bears
  11 wolves
  8 ogres
  4 centaurs
  A tengu (shapeshifter) (D:14)
  2 lemures (D:7)
  A phantom (D:6)
  4 kobold brigands
  4 bullfrogs
  4 two-headed ogre simulacra (IceCv)
  4 gnoll sergeants
  2 scorpions
  A cane toad simulacrum (IceCv)
  3 necrophages
  5 wights (D:8)
  Dowan (D:5)
  2 elephant simulacra (IceCv)
  37 killer bees
  2 electric eels
  8 howler monkeys
  A jelly (D:5)
  7 lava snakes (Volcano)
  2 gnoll shamans
  4 hounds
  14 orc priests
  A hell rat (Lair:2)
  5 iguanas
  22 orc wizards
  4 spriggan simulacra (IceCv)
  8 troll simulacra (IceCv)
  6 polar bear simulacra (IceCv)
  2 wolf simulacra (IceCv)
  28 gnolls
  23 adders
  5 naga simulacra (IceCv)
  A shadow imp (D:8)
  8 white imps
  8 ufetubi
  2 worms (D:2)
  46 orcs
  3 endoplasms
  2 giant cockroaches (D:4)
  8 goblins
  5 hobgoblins
  2 quokkas
  8 ball pythons
  6 bats
  14 kobolds
  3 rats
  A butterfly (Lair:4)
787 creatures vanquished.

Vanquished Creatures (collateral kills)
  A hydra (Swamp:4)
  An alligator (Swamp:4)
  A spriggan druid (Swamp:4)
  2 goliath frogs (Swamp:4)
  A hornet (Swamp:4)
  A spriggan (Swamp:4)
  A basilisk (Lair:2)
  A swamp worm (Swamp:4)
  A wolf (Lair:2)
10 creatures vanquished.

Vanquished Creatures (others)
  An alligator (Swamp:4)
  2 bloated husks (Swamp:1)
  A yak (Lair:5)
  A briar patch (Swamp:4)
  7 foxfires
  52 fungi
  100 plants
164 creatures vanquished.

Grand Total: 961 creatures vanquished

Notes
Turn   | Place    | Note
-------+----------+-------------------------------------------
     0 | Abyss:1  | porpoise the Formicid Abyssal Knight began the quest for
                  | the Orb.
     0 | Abyss:1  | Reached XP level 1. HP: 18/18 MP: 2/2
     3 | D:1      | Escaped the Abyss
    61 | D:1      | Reached skill level 1 in Dodging
   507 | D:1      | Reached XP level 2. HP: 23/24 MP: 3/3
   835 | D:1      | Found a faded altar of an unknown god.
  1070 | D:2      | Reached skill level 1 in Stealth
  1070 | D:2      | Reached XP level 3. HP: 26/29 MP: 4/4
  1352 | D:2      | Found an ancient bone altar of Kikubaaqudgha.
  1798 | D:2      | Found the +8 trident of the Octopus King {venom, rElec
                  | rPois}
  1951 | D:2      | Reached XP level 4. HP: 37/37 MP: 5/5
  2151 | D:3      | Identified 2 scrolls of acquirement
  2151 | D:3      | Acquired a +4 spectral giant club
  2153 | D:3      | Acquired the +2 shield of Resistance {rF++ rC++ Will++}
  2153 | D:3      | Found the +2 shield of Resistance {rF++ rC++ Will++}
  2302 | D:3      | Reached *** piety under Lugonu
  3217 | D:4      | Reached XP level 5. HP: 42/42 MP: 6/6
  3327 | D:4      | Noticed a kobold brigand
  3336 | D:4      | Killed a kobold brigand
  3509 | D:4      | Reached XP level 6. HP: 49/49 MP: 7/7
  3703 | D:4      | Found a transporter.
  3709 | D:4      | Found a transporter.
  4143 | D:5      | Entered Level 5 of the Dungeon
  4178 | D:5      | Noticed an ogre
  4186 | D:5      | Killed an ogre
  4187 | D:5      | Reached skill level 5 in Fighting
  4187 | D:5      | Reached skill level 5 in Polearms
  4187 | D:5      | Reached XP level 7. HP: 54/56 MP: 8/8
  4376 | D:5      | Found a radiant altar of Vehumet.
  4625 | D:5      | Noticed Duvessa
  4634 | D:5      | Killed Duvessa
  4644 | D:5      | Noticed Dowan
  4645 | D:5      | Found a bloodstained altar of Trog.
  4657 | D:5      | Killed Dowan
  4658 | D:5      | Reached skill level 5 in Stealth
  4799 | D:5      | Found a shimmering blue altar of Sif Muna.
  4803 | D:5      | Got Sif Muna's Almanac of Transmigration
  4851 | D:5      | Reached XP level 8. HP: 55/63 MP: 9/9
  4957 | D:5      | Found Xuor's Armour Emporium.
  4968 | D:5      | Bought a +3 scale mail for 231 gold pieces
  5256 | D:6      | Found a staircase to the Ecumenical Temple.
  5312 | D:6      | Reached **** piety under Lugonu
  5400 | D:6      | Identified the +8 mace of Quick Death {freeze, *Corrode
                  | rPois rF+ Int+3}
  5463 | D:6      | Reached XP level 9. HP: 69/71 MP: 10/10
  5536 | D:6      | Found Napowy's Specific Store.
  5556 | D:6      | Found Zuzynkafuec's General Store.
  5570 | D:6      | Identified the +8 hand axe of the People {protect, rElec
                  | Will+ Str+5 Dex-4}
  5586 | D:6      | Bought a potion of might for 56 gold pieces
  5590 | D:6      | Bought a scroll of magic mapping for 38 gold pieces
  5762 | D:7      | Learned a level 4 spell: Passage of Golubria
  5790 | D:7      | Noticed Menkaure
  5796 | D:7      | Killed Menkaure
  5798 | D:7      | Gained mutation: You have sharp toenails. [potion of
                  | mutation]
  5798 | D:7      | Gained mutation: Your body sometimes deteriorates upon
                  | taking damage. [potion of mutation]
  5798 | D:7      | Gained mutation: You are partially covered in iridescent
                  | scales. (AC +2) [potion of mutation]
  5991 | D:6      | Lost mutation: You have sharp toenails. [potion of
                  | mutation]
  5991 | D:6      | Lost mutation: You are partially covered in iridescent
                  | scales. (AC +2) [potion of mutation]
  5991 | D:6      | Lost mutation: Your body sometimes deteriorates upon taking
                  | damage. [potion of mutation]
  5991 | D:6      | Gained mutation: Your movements are slightly less
                  | encumbered by armour. (ER -2) [potion of mutation]
  6124 | D:7      | Noticed Pikel
  6134 | D:7      | Killed Pikel
  6551 | D:7      | Reached XP level 10. HP: 79/79 MP: 13/13
  6582 | D:7      | Reached skill level 5 in Invocations
  6817 | D:7      | Reached skill level 10 in Polearms
  7694 | D:8      | Reached ***** piety under Lugonu
  8283 | D:9      | Found a staircase to the Orcish Mines.
  8313 | D:9      | Found a runed translucent door.
  8313 | D:9      | Noticed wingedge's ghost (novice MiFi)
  8513 | D:9      | Found a staircase to the Lair.
  8513 | D:9      | Noticed an elephant
  8536 | D:9      | Killed an elephant
  8674 | D:9      | Reached skill level 5 in Armour
  8862 | D:9      | Reached skill level 1 in Evocations
  8862 | D:9      | Reached XP level 11. HP: 84/84 MP: 16/16
  9218 | D:9      | Found Fetzuefi's Book Shoppe.
  9440 | D:10     | Entered Level 10 of the Dungeon
  9446 | D:10     | Found a glowing silver altar of Zin.
  9725 | D:10     | Noticed a two-headed ogre
  9735 | D:10     | Killed a two-headed ogre
  9983 | D:10     | Identified the +1 hand crossbow of Liath {venom, rPois
                  | Will- rCorr}
 10023 | D:10     | Learned a level 2 spell: Wereblood
 10321 | D:10     | Noticed a tengu warrior
 10349 | D:10     | Killed a tengu warrior
 10444 | D:10     | HP: 2/84 [troll (8)]
 10796 | D:10     | Found a blossoming altar of Fedhas.
 11183 | D:10     | Noticed Erolcha
 11220 | D:10     | Killed Erolcha
 11597 | Lair:1   | Entered Level 1 of the Lair of Beasts
 11608 | Lair:1   | Reached skill level 5 in Evocations
 11941 | Lair:1   | Reached XP level 12. HP: 76/91 MP: 17/17
 12743 | Lair:1   | Noticed Gastronok
 12763 | Lair:1   | Killed Gastronok
 13748 | Lair:1   | Reached skill level 1 in Shields
 15008 | Lair:2   | Found a staircase to the Snake Pit.
 15681 | Lair:2   | Reached skill level 5 in Dodging
 15709 | Lair:2   | Identified the +6 long sword "Inytot" {drain, Str+2}
 16406 | Lair:3   | Reached XP level 13. HP: 88/101 MP: 18/18
 16480 | Lair:3   | Reached skill level 5 in Shields
 16840 | Lair:2   | Reached skill level 10 in Fighting
 17884 | Lair:4   | Noticed a boulder beetle
 17895 | Lair:4   | Killed a boulder beetle
 18027 | Lair:4   | HP: 2/105 [meliai/divine providence (16)]
 18410 | Lair:4   | Noticed a seven-headed hydra
 18424 | Lair:4   | Killed a seven-headed hydra
 18424 | Lair:4   | Reached ****** piety under Lugonu
 18435 | Lair:4   | Found a dark tunnel.
 18458 | Volcano  | Entered a volcano
 18992 | Volcano  | Found a burning altar of Makhleb.
 19019 | Volcano  | Noticed a fire dragon
 19039 | Volcano  | Killed a fire dragon
 20167 | Lair:4   | Reached XP level 14. HP: 113/113 MP: 20/20
 20174 | Lair:4   | Identified the +6 shortbow "Sinwin" {flame, Str+4}
 20721 | Lair:4   | Found a staircase to the Swamp.
 21705 | Lair:5   | Noticed Rupert
 21720 | Lair:5   | Killed Rupert
 21721 | Lair:5   | Reached skill level 10 in Invocations
 23024 | D:11     | Reached skill level 1 in Spellcasting
 24324 | D:12     | Found Ninass's Armour Shoppe.
 24546 | D:12     | Found a snail-covered altar of Cheibriados.
 24913 | D:12     | Identified the ring "Luptir" {rPois rN+ Will+ SInv}
 24920 | D:12     | Reached skill level 1 in Translocations
 25229 | D:12     | Reached skill level 10 in Armour
 25811 | D:13     | Reached XP level 15. HP: 100/120 MP: 23/23
 26002 | D:13     | Found a bloodstained altar of Trog.
 26397 | D:13     | Found a gate to the Vaults.
 26506 | D:13     | Found Buplucoud's Assorted Antiques.
 26862 | D:13     | Bought a scroll of poison for 101 gold pieces
 26862 | D:13     | Bought a pair of runed boots for 217 gold pieces
 26862 | D:13     | Bought a scroll labelled CIDUTHR AWAU for 29 gold pieces
 27679 | D:14     | Noticed Snorg
 27701 | D:14     | Killed Snorg
 28327 | D:15     | Entered Level 15 of the Dungeon
 28404 | D:15     | Identified Roxanne's Tome of Transformation
 28404 | D:15     | Noticed Roxanne
 28442 | D:15     | Noticed Josephine
 28464 | D:15     | Killed Josephine
 28633 | D:15     | Noticed Azrael
 28648 | D:15     | Killed Azrael
 28742 | D:15     | Reached skill level 5 in Translocations
 28928 | D:15     | Reached skill level 1 in Transmutations
 29551 | D:15     | Found a staircase to the Depths.
 30183 | Orc:1    | Entered Level 1 of the Orcish Mines
 30186 | Orc:1    | Found a frozen archway.
 30657 | D:9      | Banished wingedge's ghost
 30658 | D:9      | Reached skill level 5 in Transmutations
 30689 | D:9      | Got the Tome of the Mountains
 30793 | IceCv    | Entered an ice cave
 31853 | IceCv    | Reached XP level 16. HP: 105/123 MP: 25/25
 32395 | IceCv    | Got the Catalogue of Weightlessness
 33073 | Orc:2    | Entered Level 2 of the Orcish Mines
 33073 | Orc:2    | Found a staircase to the Elven Halls.
 33580 | Orc:2    | Found Hej Gyn's Assorted Antiques.
 33688 | Orc:2    | Reached skill level 5 in Spellcasting
 34062 | Orc:2    | Found Edwuucs's Armour Boutique.
 34075 | Orc:2    | Bought a glowing gilded ring for 145 gold pieces
 34075 | Orc:2    | Bought a scroll of acquirement for 1508 gold pieces
 34075 | Orc:2    | Acquired a +1 demon trident of venom
 34083 | Orc:2    | Found Xounazav's Assorted Antiques.
 34085 | Orc:2    | Found Jass's Jewellery Emporium.
 34798 | Lair:6   | Entered Level 6 of the Lair of Beasts
 36406 | Lair:6   | Found a staircase to the Slime Pits.
 36585 | Lair:6   | Identified the +2 broad axe "Jonaikk" {vorpal, Int+3}
 37269 | D:12     | Bought the +2 chain mail "Gito" {Fly} for 306 gold pieces
 37269 | D:12     | Bought a +1 pair of gloves for 149 gold pieces
 37376 | Lair:1   | Learned a level 4 spell: Anguish
 37447 | Swamp:1  | Entered Level 1 of the Swamp
 37504 | Swamp:1  | Reached skill level 1 in Hexes
 37775 | Swamp:1  | Reached XP level 17. HP: 128/133 MP: 27/27
 38735 | Swamp:1  | Reached skill level 10 in Shields
 39190 | Swamp:2  | Reached skill level 5 in Hexes
 40275 | Swamp:3  | Found a runed translucent door.
 40718 | Swamp:3  | Noticed Pooter's ghost (adept MiBe)
 40746 | Swamp:3  | Killed Pooter's ghost
 40869 | Swamp:3  | Identified the ring of the Firefly {Will++ Str+5 SInv
                  | Stlth-}
 40872 | Swamp:3  | Identified the +2 leather armour of Kiciunelew {Rampage
                  | Drain rElec Slay+6}
 40912 | Swamp:4  | Entered Level 4 of the Swamp
 40912 | Swamp:4  | Noticed a thorn hunter
 40916 | Swamp:4  | Killed a thorn hunter
 41277 | Swamp:3  | Reached skill level 1 in Necromancy
 41636 | Swamp:4  | HP: 6/133 [spriggan rider/+0 spear (14)]
 41642 | Swamp:4  | Reached XP level 18. HP: 4/140 MP: 21/28
 41651 | Swamp:4  | Killed from afar by a thorn hunter

Illustrated notes

Levels and vault maps discovered:
D:1:      wheals_arrival_linesprint, layout_basic,
          shapermc_ecumenical_altar_mp_urbaneastern
D:2:      wad_pebble_path, layout_basic, basic_altar
D:3:      layout_basic, chequers_serial_rivers_micro_b
D:4:      layout_gridville, gammafunk_ghost_gnarly_gnolls, grunt_ministairs_6,
          minmay_misc_feat_chi
D:5:      layout_rooms, nzn_overflow_gifts_of_might_and_magic,
          nicolae_vehumet_radiance, serial_shops, shop_fountains
D:6:      layout_rooms, minmay_temple_entry_glassed_door, nicolae_specific_store
D:7:      layout_basic, uniq_pikel, uniq_menkaure
D:8:      layout_basic, minmay_misc_feat_diagonals
D:9:      layout_irregular_city, david_lair_generic,
          minmay_orc_entry_temple_small, serial_shops, shop,
          hellmonk_ghost_big_iron
D:10:     layout_loops_ring, old_standard_altar, minmay_misc_feat_square,
          kennysheep_diamond, blue_anna_alchemist, uniq_erolcha
D:11:     layout_basic
D:12:     layout_roguey, serial_shops, nicolae_shop_hallway_stairs,
          cheibriados_altar_2
D:13:     layout_cave_pools, david_vaults_4, serial_shops,
          nicolae_shop_behind_doors, trog_three_pillars_becter
D:14:     layout_loops_cross, hangedman_abyss_or_decor_clamps, uniq_snorg
D:15:     grunt_enter_depths_magical_seal, layout_long_grid,
          serial_park_fountain, minmay_evil_grid, uniq_azrael, uniq_roxanne,
          uniq_josephine
Lair:1:   minmay_lair_venomous_thicket, layout_chaotic_city, grunt_megastairs_5,
          uniq_gastronok
Lair:2:   nzn_winding_woodlands_cross
          [nzn_winding_woodlands_5x15_river_crossing,
          nzn_winding_woodlands_5x15_pockets,
          nzn_winding_woodlands_5x15_default,
          nzn_winding_woodlands_5x15_lazy_stream,
          nzn_winding_woodlands_15x15_eel_pit], layout_cellular_growth,
          guppyfry_snake_entry_island, gauntlet_entry_generic, st_stairs_8
Lair:3:   layout_loops_ring
Lair:4:   layout_cave_pods, swamp_mist_pool, special_room [special_room_bee],
          nicolae_volcano_entry_vermiform, fungi_pond_lemuel,
          grunt_megastairs_2, lemuel_fruit_fields
Lair:5:   layout_roguey, grunt_megastairs_3, uniq_rupert
Lair:6:   evilmike_catoblepas_cave, layout_cave_pods, slime_entry_1,
          lemuel_fruit_fields
Swamp:1:  layout_basic_swamp, evilmike_swamp_ruin_house_1, st_swamp_ruins_3
Swamp:2:  layout_basic_swamp, evilmike_swamp_ruin_house_6,
          infiniplex_staircase_pool
Swamp:3:  layout_basic_swamp, ebering_ghost_reflecting_pool,
          hangedman_swamp_ruin_wall
Swamp:4:  swamp_pestilence, layout_basic_swamp
Orc:1:    layout_diamond_mine, portal_ice_cave_entry_pillars_1
Orc:2:    st_orc_elflike, layout_diamond_mine

Skill      XL: |  1  2  3  4  5  6  7  8  9 10 11 12 13 14 15 16 17 |
---------------+----------------------------------------------------+-----
Dodging        | 1 2 5 7 9 |  9.0
Stealth        | 1 2 3 4 5 6 7 |  7.9
Polearms       | 3 4 5 6 7 9 11 13 14 | 14.0
Fighting       | 4 5 6 7 9 11 12 | 12.0
Invocations    | 4 7 8 11 12 13 14 | 14.1
Armour         | 5 7 9 10 12 | 12.0
Evocations     | 1 5 7 9 |  9.0
Shields        | 4 9 12 | 12.5
Spellcasting   | 3 5 |  5.0
Translocations | 2 5 |  5.0
Transmutations | 5 8 |  8.8
Hexes          | 1 7 |  7.0
Necromancy     | 2 |  2.5

Action                   |  1- 3 |  4- 6 |  7- 9 | 10-12 | 13-15 | 16-18 || total
-------------------------+-------+-------+-------+-------+-------+-------++-------
Melee: Spear             |    91 |       |       |       |       |       ||    91
       Trident           |     5 |    78 |   180 |   624 |  1311 |   354 ||  2552
       Demon trident     |       |       |       |       |       |   517 ||   517
 Fire: Hunting sling     |       |    13 |    28 |    50 |    81 |    61 ||   233
 Cast: Wereblood         |       |       |       |       |       |     6 ||     6
Invok: Bend Space        |       |       |       |     4 |     2 |     4 ||    10
       Banish            |       |       |       |       |     3 |     1 ||     4
 Abil: Dig               |       |       |       |     2 |     1 |     2 ||     5
Evoke: Wand              |       |       |     1 |     9 |     8 |    11 ||    29
       Condenser vane    |       |       |       |       |       |     1 ||     1
  Use: Scroll            |       |     7 |     1 |    17 |     7 |     7 ||    39
       Potion            |       |       |     2 |     7 |     9 |     5 ||    23
 Stab: Sleeping          |     1 |     4 |     1 |       |       |       ||     6
       Confused          |       |       |       |       |       |     4 ||     4
       Distracted        |       |       |       |       |       |    13 ||    13
       Petrified         |       |       |       |       |       |     3 ||     3
Armor: Leather armour    |    10 |       |       |       |       |       ||    10
       Ring mail         |    12 |    16 |     6 |       |       |       ||    34
       Scale mail        |       |       |    19 |       |       |       ||    19
       Plate armour      |       |       |    36 |   178 |    83 |       ||   297
       Chain mail        |       |       |       |     6 |   265 |   237 ||   508
Dodge: Dodged            |    31 |    20 |    50 |   103 |   356 |   213 ||   773
Block: Kite shield       |       |    23 |    51 |   209 |   586 |   308 ||  1177

Table legend: (Time is in decaauts)
 A = Elapsed time spent in this place.
 B = Non-inter-level travel time spent in this place.
 C = Inter-level travel time spent in this place.
 D = Time resting spent in this place.
 E = Time spent auto-exploring this place.
 F = Levels seen in this place.
 G = Mean time per level.
                   A        B        C        D        E       F      G
               +--------+--------+--------+--------+--------+-----+--------+
         Total |  41036 |  38819 |   2217 |  16087 |  15580 |  30 | 1367.9 |
       Dungeon |  19506 |  18341 |   1165 |   6852 |   8510 |  15 | 1300.4 |
          Lair |  12665 |  11774 |    891 |   5214 |   4361 |   6 | 2110.8 |
         Swamp |   4111 |   4022 |     89 |   2052 |   1314 |   4 | 1027.8 |
  Orcish Mines |   1682 |   1612 |     70 |    334 |    842 |   2 |  841.0 |
         Abyss |      3 |      3 |      0 |      0 |      0 |   1 |    3.0 |
      Ice Cave |   1757 |   1757 |      0 |    840 |    441 |   1 | 1757.0 |
       Volcano |   1309 |   1309 |      0 |    794 |    112 |   1 | 1309.0 |
               +--------+--------+--------+--------+--------+-----+--------+

Top non-repeatable levels by time:
  Lair:1: 3212 daAuts
  Lair:2: 2366 daAuts
    D:10: 2179 daAuts
     D:9: 1892 daAuts
  Lair:4: 1878 daAuts
 Swamp:3: 1874 daAuts
  Lair:6: 1817 daAuts
  Lair:3: 1796 daAuts
   IceCv: 1757 daAuts
  Lair:5: 1594 daAuts
    D:15: 1455 daAuts
    D:11: 1454 daAuts
    D:12: 1447 daAuts
    D:13: 1424 daAuts
 Swamp:1: 1412 daAuts
